 Dungeon Crawl Stone Soup version 0.29.1-1-gd02db69 (webtiles) character file.

Game seed: 13774997125577165354

2298399 CodaKJazz the Distorting Ant (level 27, 237/237 HPs)
             Began as a Formicid Abyssal Knight on July 14, 2023.
             Was a Believer of Lugonu.
             Escaped with the Orb
             ... and 4 runes!
             The game lasted 02:19:08 (76210 turns).

CodaKJazz the Distorting Ant (FoAK)                Turns: 76210, Time: 02:19:09

Health: 237/237    AC: 58    Str: 30    XL:     27
Magic:  24/36      EV: 15    Int: 12    God:    Lugonu [**....]
Gold:   4138       SH: 39    Dex: 19    Spells: 15/26 levels left

rFire   + + +      SeeInvis +   b - +9 executioner's axe (spect)
rCold   + + +      Faith    .   H - +8 tower shield {rC+ rF+} {holyGUACAMOLE!!1!}
rNeg    + . .      Spirit   .   z - +19 crystal plate armour of the Blue Moon {Dex+5, goodGOLLYMissMolly!!1!}
rPois   +          Reflect  +   (helmet unavailable)
rElec   +          Harm     .   d - +4 dragonskin cloak
rCorr   +          Rampage  .   i - +3 pair of gauntlets of War {Slay+5}
Will    ++...      Clarity  +   Z - +2 pair of boots {Fly}
Stlth   ..........              f - amulet of reflection
HPRegen 0.49/turn               C - ring "Pubat" {rPois rF+ rC+ rCorr}
MPRegen 0.25/turn               k - ring of Liodekhu {rF+ rC+ rN+}

@: mighty, brilliant, resistant, attractive, flying, studying 3 skills,
invisible
A: permanent stasis, dig shafts and tunnels, antennae 3, four strong arms,
clarity, low MP 1, mutation resistance 1, electricity resistance
0: Orb of Zot
}: 4/15 runes: serpentine, barnacled, slimy, silver
a: Dig, Shaft Self, Renounce Religion, Depart the Abyss, Bend Space


You escaped.
You worshipped Lugonu.
Lugonu was pleased with you.
You visited 13 branches of the dungeon, and saw 57 of its levels.
You visited the Abyss 8 times.
You visited 1 bazaar.
You visited 1 ziggurat, and saw 2 of its levels.
You also visited: Trove, Bailey, Gauntlet, Ice Cave and Desolation.

You collected 10743 gold pieces.
You spent 6605 gold pieces at shops.

Inventory:

Hand Weapons
 a - a +9 vampiric executioner's axe
 b - a +9 spectral executioner's axe (weapon)
 w - a +2 hammer of distortion {ROFLcopter LMFAO xD ¯\_(ツ)_/¯}
 X - the +2 Maxwell's thermic engine {flame, freeze}
   (You found it in a Gauntlet)

   It burns those it strikes, dealing additional fire damage.
   Big, fiery blades are also staple armaments of hydra-hunters.
   It freezes those it strikes, dealing additional cold damage.
   It can also slow down cold-blooded creatures.
   It becomes more effective when it hits something.
   This effect fades over time.
Missiles
 x - 8 silver boomerangs
 L - 5 boomerangs
 M - 8 silver javelins (quivered)
 N - 5 javelins
 P - 3 throwing nets
 W - 29 curare-tipped darts
Armour
 d - the +4 dragonskin cloak (worn)
   (You took it off Tiamat on level 4 of the Realm of Zot)

   It grants the wearer a chance to resist fire, cold, poison, electricity,
   acid, and negative energy.
 i - the +3 pair of gauntlets of War (worn) {Slay+5}
   (You acquired it in a bazaar)

   Slay:      It affects your accuracy & damage with ranged weapons and melee
   (+5).
 z - the +19 crystal plate armour of the Blue Moon (worn) {Dex+5, goodGOLLYMissMolly!!1!}
   (You acquired it on level 13 of the Dungeon)

   Dex:       It affects your dexterity (+5).
 H - a +8 tower shield of resistance (worn) {holyGUACAMOLE!!1!}
 Y - the +3 hat of Pondering {ponderous, Will+ MP+10 Int+5, hmm..}
   (You found it on level 12 of the Dungeon)

   Int:       It affects your intelligence (+5).
   MP:        It affects your magic capacity (+10).
   Will:      It increases your willpower.
 Z - a +2 pair of boots of flying (worn)
Jewellery
 f - an amulet of reflection (around neck)
 k - the ring of Liodekhu (right hand) {rF+ rC+ rN+}
   (You found it in a treasure trove)

   [ring of positive energy]

   rF:        It protects you from fire.
   rC:        It protects you from cold.
   rN:        It protects you from negative energy.
 C - the ring "Pubat" (left hand) {rPois rF+ rC+ rCorr}
   (You acquired it in a Gauntlet)

   [ring of poison resistance]

   rF:        It protects you from fire.
   rC:        It protects you from cold.
   rPois:     It protects you from poison.
   rCorr:     It protects you from acid and corrosion.
Wands
 c - a wand of mindburst (36)
 g - a wand of roots (35)
 h - a wand of digging (16)
 l - a wand of paralysis (39)
 A - a wand of flame (116)
 R - a wand of quicksilver (39)
Scrolls
 o - 2 scrolls of torment {!r}
 p - 5 scrolls of fear {!r}
 q - a scroll of summoning {!r}
 r - 5 scrolls of poison {!r}
 t - 14 scrolls of amnesia {!r}
 y - 7 scrolls of noise {!r}
 D - 8 scrolls of vulnerability {!r}
 G - a scroll of magic mapping {!r}
 K - 3 scrolls of immolation {!r}
 U - 4 scrolls of fog {!r}
Potions
 n - 4 potions of curing {!q}
 u - 7 potions of brilliance {!q}
 v - 9 potions of attraction {!q}
 B - 3 potions of invisibility {!q}
 E - 4 potions of heal wounds {!q}
 F - 7 potions of mutation {!q}
 I - 4 potions of resistance {!q}
 Q - a potion of cancellation {!q}
 V - 2 potions of magic {!q}
Miscellaneous
 e - a tin of tremorstones (2/2)
 m - the horn of Geryon (inert)
 s - a phantom mirror
 J - a condenser vane (inert)
 O - a box of beasts (inert)
 S - a lightning rod (4/4)
 T - a phial of floods


   Skills:
 - Level 23.8 Fighting
 - Level 24.0 Axes
 - Level 16.0 Throwing
 - Level 17.3 Armour
 + Level 16.7 Dodging
 O Level 27 Shields
 - Level 9.3 Translocations
 - Level 12.5 Transmutations
 O Level 27 Invocations
 - Level 12.8 Evocations


You had 15 spell levels left.
You knew the following spells:

 Your Spells              Type           Power      Damage    Failure   Level
a - Wereblood             Tmut           45%        N/A       3%          2
b - Manifold Assault      Tloc           33%        N/A       95%         5
g - Passage of Golubria   Tloc           33%        N/A       67%         4

Your spell library contained the following spells:

 Spells                   Type           Power      Damage    Failure   Level
 Beastly Appendage        Tmut           90%        N/A       2%          1
 Gell's Gravitas          Tloc           33%        N/A       28%         3
 Lesser Beckoning         Tloc           33%        N/A       28%         3
 Teleport Other           Tloc           33%        N/A       28%         3
 Blade Hands              Tmut           22%        N/A       56%         5
 Spider Form              Tmut/Pois      22%        N/A       67%         3
 Portal Projectile        Hex/Tloc       32%        N/A       88%         3
 Ignite Poison            Fire/Tmut/Pois 15%        N/A       92%         3
 Freeze                   Ice            0%         1d3       99%         1
 Magic Dart               Conj           0%         1d3       99%         1
 Necrotise                Necr           0%         1d4       99%         1
 Shock                    Conj/Air       0%         1d3       99%         1
 Slow                     Hex            0%         N/A       99%         1
 Call Imp                 Summ           0%         N/A       99%         2
 Ensorcelled Hibernation  Hex/Ice        0%         N/A       99%         2
 Poisonous Vapours        Pois/Air       0%         N/A       99%         2
 Static Discharge         Conj/Air       0%         3-3/arc   99%         2
 Iskenderun's Mystic Bla  Conj/Tloc      16%        2d5       99%         4
 Call Canine Familiar     Summ           0%         N/A       100%        3
 Confusing Touch          Hex            0%         N/A       100%        3
 Conjure Flame            Conj/Fire      0%         6-21      100%        3
 Dazzling Flash           Conj/Hex       0%         N/A       100%        3
 Frozen Ramparts          Ice            0%         1d1       100%        3
 Mephitic Cloud           Conj/Pois/Air  0%         N/A       100%        3
 Stone Arrow              Conj/Erth      0%         3d7       100%        3
 Summon Guardian Golem    Hex/Summ       0%         N/A       100%        3
 Tukima's Dance           Hex            0%         N/A       100%        3
 Vampiric Draining        Necr           0%         2d6       100%        3
 Airstrike                Air            0%         2d(0-16)  100%        4
 Anguish                  Hex/Necr       0%         N/A       100%        4
 Animate Armour           Summ/Erth      0%         N/A       100%        4
 Corpse Rot               Necr/Pois/Air  0%         N/A       100%        4
 Dispel Undead            Necr           0%         3d6       100%        4
 Hailstorm                Conj/Ice       0%         3d3       100%        4
 Leda's Liquefaction      Hex/Erth       0%         N/A       100%        4
 Olgreb's Toxic Radiance  Pois           0%         N/A       100%        4
 Sticky Flame             Conj/Fire      0%         2d3       100%        4
 Summon Lightning Spire   Summ/Air       0%         N/A       100%        4
 Agony                    Necr           0%         N/A       100%        5
 Alistair's Intoxication  Tmut/Pois      14%        N/A       100%        5
 Fireball                 Conj/Fire      0%         3d3       100%        5
 Freezing Cloud           Conj/Ice/Air   0%         6-21      100%        5
 Irradiate                Conj/Tmut      11%        3d15      100%        5
 Lee's Rapid Deconstruct  Erth           0%         3d5*      100%        5
 Lightning Bolt           Conj/Air       0%         1d11      100%        5
 Silence                  Hex/Air        0%         N/A       100%        5
 Summon Forest            Summ/Tloc      8%         N/A       100%        5
 Summon Mana Viper        Hex/Summ       0%         N/A       100%        5
 Yara's Violent Unravell  Hex/Tmut       11%        3d6       100%        5
 Death Channel            Necr           0%         N/A       100%        6
 Dispersal                Tloc           16%        N/A       100%        6
 Starburst                Conj/Fire      0%         6d3       100%        6
 Statue Form              Tmut/Erth      14%        N/A       100%        6
 Summon Cactus Giant      Summ           0%         N/A       100%        6
 Enfeeble                 Hex            0%         N/A       100%        7
 Malign Gateway           Summ/Tloc      8%         N/A       100%        7
 Orb of Destruction       Conj           0%         9d5       100%        7
 Spellforged Servitor     Conj/Summ      0%         N/A       100%        7
 Storm Form               Tmut/Air       11%        N/A       100%        7
 Borgnjor's Revivificati  Necr           0%         N/A       100%        8
 Discord                  Hex            0%         N/A       100%        8
 Ignition                 Fire           0%         3d3       100%        8
 Lehudib's Crystal Spear  Conj/Erth      0%         10d2      100%        8
 Maxwell's Capacitive Co  Air            0%         ∞         100%        8
 Necromutation            Tmut/Necr      11%        N/A       100%        8
 Summon Horrible Things   Summ           0%         N/A       100%        8
 Chain Lightning          Conj/Air       0%         N/A       100%        9
 Death's Door             Necr           0%         N/A       100%        9
 Dragon's Call            Summ           0%         N/A       100%        9
 Fire Storm               Conj/Fire      0%         5d1       100%        9
 Shatter                  Erth           0%         3d5*      100%        9
 Blink                    Tloc           Unusable   N/A       N/A         2
 Swiftness                Air            Unusable   N/A       N/A         3

Dungeon Overview and Level Annotations

Branches:
Dungeon (15/15)            Temple (1/1) D:5            Lair (5/5) D:8
 Shoals (4/4) Lair:3        Snake (4/4) Lair:3        Slime (5/5) Lair:4
    Orc (2/2) D:9             Elf (3/3) Orc:2        Vaults (5/5) D:14
  Crypt (3/3) Vaults:3       Tomb (0/3) Crypt:3      Depths (4/4) D:15
   Hell (visited)             Dis (0/7) Hell            Geh (0/7) Hell
    Coc (0/7) Hell            Tar (0/7) Hell            Zot (5/5) Depths:4
 Bailey (visited)           IceCv (visited)         Desolation (visited)
Gauntlet (visited)

Altars:
Cheibriados
Dithmenos
Kikubaaqudgha
Trog
Uskayaw
Vehumet
Xom
Yredelemnul
Zin
Jiyva
Lugonu

Shops:
D:10 *   Orc:2 [*[[   Elf:1 !   Elf:2 :   Elf:3 :   Shoals:2 (   Vaults:4 [
Vaults:5 :   Depths:2 !?=   Depths:3 *

Portals:
Hell: Depths:1 Depths:3 Depths:4
Abyss: Depths:1 Depths:3 Depths:4
Pandemonium: Depths:2 Depths:4

Annotations:
D:1 corrupted
D:7 corrupted
D:8 corrupted
Depths:3 2 transporters, 3 runed translucent doors, exclusions: 3 doors and orange crystal statue, Imio's ghost, adept DgCj
Depths:4 1 exclusion
Zot:2 corrupted
Zot:3 corrupted
Zot:4 corrupted
Zot:5 corrupted


Innate Abilities, Weirdness & Mutations

You cannot be hasted, slowed, berserked, paralysed or teleported.
You can dig through walls and to a lower floor.
You have a pair of large antennae on your head. (SInv)
Your four strong arms can wield two-handed weapons with a shield.
You possess an exceptional clarity of mind.
Your magical capacity is low. (-10% MP)
You are somewhat resistant to further mutation.
You are resistant to electric shocks. (rElec)


Message History

Your hell beast closely misses you.
Your hell beast tramples you but does no damage.
The starcursed mass touches your hell beast.
The starcursed mass barely misses your hell beast.
The large abomination hits your hell beast!
The small abomination is attracted toward you.
There are monsters nearby!
Really quaff
I - 5 potions of resistance {!q}?
You feel protected.
You block the small abomination's attack.
The glowing orange brain pulsates.
You resist with some effort.
Your hell beast appears confused.
Your hell beast bites the starcursed mass.
Your hell beast tramples the starcursed mass!
The starcursed mass holds its ground!
The starcursed mass touches your hell beast.
The starcursed mass touches your hell beast but does no damage.
You block the large abomination's attack.
The small abomination is attracted toward you.
The large abomination is attracted toward you.
The worldbinder is attracted toward you.
The small abomination is attracted toward you.
There are monsters nearby!
You block your hell beast's attack. x2
The large abomination hits your hell beast!!
The glowing orange brain blinks!
You block the large abomination's attack.
Your hell beast barely misses the large abomination.
Your hell beast tramples the large abomination!
The large abomination holds its ground!
The starcursed mass touches your hell beast.
A starcursed mass splits.
The starcursed mass touches your hell beast but does no damage.
The small abomination is attracted toward you.
The worldbinder is attracted toward you.
The small abomination is attracted toward you.
The glowing orange brain is attracted toward you.
The soul eater is attracted toward you.
You have escaped!

...............##.#####.....#
...........§...##{.#......†.#
..........##3.{###.####.....# ##
##.#...#..# #x# #{## #.....# #.
#.#...#.## XX###.# {#.##### #.
#.#...#.#####4#Xx## #.# #.
#.#...#...#..WXX#X# #.# #.
#.#..)#..#.#.#xX2## #.########.
#........####{#@######.......##.
###......#{ #4xXX#.#.#.#####.##.
#......##§Gx##Xx#.#..#####.##.
####.####.#####{##xx§##..........
...#.###### #[#{{§####.#####.###
##.#.##...# ##{# #. #.......#
##.#.##.######.## .# #########
.........#..#..## ##
##†#............#


You could see 5 neutral starcursed masses, a neutral soul eater (summoned,
wandering), a neutral glowing orange brain (summoned, distracted), 5 neutral
large abominations, a neutral rust devil (summoned, unable to see you), a
neutral worldbinder (summoned, wandering, unable to see you), a neutral chaos
spawn (summoned, unable to see you), a neutral wraith (summoned, distracted), 7
neutral small abominations and a friendly hell beast (summoned, confused).

Vanquished Creatures
  the Royal Jelly (Slime:5)
  4 dread liches
  Tiamat (Zot:4)
  Mara (Depths:2)
  4 orbs of fire
  An ancient lich (Zot:5)
  Josephina (Crypt:1)
  Bai Suzhen (Snake:3)
  2 pandemonium lords
  A shard shrike (Zig:2)
  Saint Roka (Crypt:1)
  Frederick (Crypt:1)
  A Killer Klown (Zot:5)
  Xtahua (Crypt:3)
  Vashnia (Snake:4)
  3 curse toes
  4 golden dragons
  Nikola (Snake:4)
  Geryon (Hell)
  6 bone dragons
  A Brimstone Fiend (D:5)
  2 doom hounds (Zot:4)
  A Tzitzimitl (Zot:4)
  Mlioglotl (Snake:2)
  An electric golem (Zot:5)
  An Ice Fiend (D:7)
  24 Orb Guardians
  20 tentacled monstrosities
  Rupert (D:13)
  A walking divine tome (Depths:2)
  A tainted leviathan (Hell)
  A walking earthen tome (Depths:2)
  6 searing wretches
  18 acid blobs
  2 deep elf blademasters
  6 liches
  Grunn (Zot:4)
  Asterion (Snake:1)
  4 quicksilver dragons
  2 titans
  A walking frostbound tome (Depths:2)
  A kraken (Shoals:4)
  A deep elf master archer (Elf:3)
  6 death cobs
  5 sphinxes
  10 tentacled starspawn
  8 ancient champions
  2 Executioners
  Kirke (Lair:5)
  14 tengu reavers
  4 draconian monks
  13 storm dragons
  9 shadow dragons
  9 rockslimes
  2 revenants (Crypt:2)
  4 nagarajas (Snake:4)
  7 draconian scorchers
  7 draconian knights
  3 orc warlords
  11 azure jellies
  9 vault wardens
  8 deep elf sorcerers
  7 fire giants
  2 cacodemons
  2 imperial myrmidons (Desolation)
  12 draconian shifters
  8 frost giants
  4 ghost moths
  A balrug (D:5)
  4 deep elf elementalists
  An iron dragon (Vaults:5)
  A caustic shrike zombie (Abyss:3)
  3 curse skulls (Crypt:2)
  Aizul (Snake:1)
  2 caustic shrike skeletons
  9 reapers
  The ghost of MuffinSoup the Devastator, a journeyman OpHW of Vehumet (D:15)
  3 draconian annihilators
  3 spriggan defenders (Depths:2)
  2 draconian stormcallers (Zot:1)
  22 ironbound preservers
  21 very ugly things
  6 ghouls
  5 war gargoyles
  18 stone giants
  5 ironbound thunderhulks
  7 quicksilver oozes
  4 juggernaut skeletons
  8 green draconians
  5 putrid mouths
  5 vampire knights
  5 yellow draconians
  8 white draconians
  7 dire elephants
  6 black draconians
  3 lorocyprocas
  A minotaur (shapeshifter) (Gauntlet)
  A wendigo (Zig:1)
  3 halazid warlocks (Desolation)
  3 entropy weavers
  6 deep elf demonologists
  12 deep elf annihilators
  9 purple draconians
  16 red draconians
  4 eidola
  A minotaur (Gauntlet)
  An iron golem (Depths:1)
  A spark wasp (Depths:2)
  7 ettins
  A green death (Depths:3)
  5 crystal guardians
  2 blizzard demons (Hell)
  11 deep elf death magi
  Snorg (D:10)
  4 ragged hierophants (Desolation)
  9 jiangshi
  6 merfolk javelineers
  6 merfolk impalers
  9 deep elf high priests
  12 fire dragons
  15 yaktaur captains
  2 rakshasas (Depths:2)
  8 servants of whispers (Desolation)
  4 pearl dragon skeletons (Crypt:2)
  3 quicksilver dragon skeletons
  30 vault guards
  2 spriggan zombies (Crypt:3)
  Fannar (Lair:2)
  An anaconda (shapeshifter) (Vaults:5)
  3 boulder beetles
  3 salamander tyrants
  8 hydras
  10 peacekeepers
  A fenstrider witch zombie (Crypt:2)
  11 great orbs of eyes
  6 spriggan air magi
  8 ice dragons
  Harold (D:9)
  8 centaur warriors
  6 ironbound frosthearts
  8 ogre magi
  4 catoblepae
  2 death knights
  A merfolk avatar (Shoals:4)
  A stoker (Hell)
  26 two-headed ogres
  35 dancing weapons
  4 merfolk aquamancers
  3 hell beasts
  13 anacondas
  14 naga warriors
  3 deep troll shamans (Depths:2)
  6 satyrs
  13 death yaks
  7 tengu warriors
  9 deep troll earth magi
  6 spriggan berserkers
  2 orc high priests (Elf:1)
  5 hell hogs
  6 shock serpents
  2 vampire magi
  10 naga sharpshooters
  12 thrashing horrors (Abyss:3)
  A quicksilver ooze zombie (Crypt:1)
  7 spriggans
  A storm dragon zombie (Crypt:3)
  8 sun demons
  13 hell knights
  22 deep elf knights
  5 soul eaters
  A crystal echidna (Hell)
  Amaemon (Lair:2)
  A titan skeleton (Abyss:3)
  A fire crab (Lair:5)
  A hellephant skeleton (Crypt:2)
  43 skeletal warriors
  3 shadow wraiths (Crypt:2)
  A bunyip zombie (Crypt:3)
  2 spatial maelstroms (Abyss:3)
  9 wretched stars
  2 salamander mystics (Snake:3)
  2 deep trolls (shapeshifter) (Vaults:5)
  5 iron trolls
  A steelbarb worm (shapeshifter) (Depths:3)
  5 sixfirhies
  An orb spider (Abyss:3)
  14 sea snakes
  A glowing orange brain (shapeshifter) (Depths:2)
  A swamp dragon (Lair:5)
  74 deep trolls
  2 storm dragon skeletons
  2 obsidian statues
  2 anaconda zombies (Abyss:3)
  A flayed ghost (Depths:3)
  7 naga ritualists
  6 glowing orange brains
  2 anaconda skeletons (Crypt:2)
  6 deep elf archers
  A bog body (Crypt:2)
  2 spriggan simulacra
  12 necromancers
  8 wizards
  A golden dragon skeleton (Crypt:2)
  9 ironbound convokers
  16 lindwurms
  2 orange crystal statues (Hell)
  9 orc knights
  23 deep elf zephyrmancers
  9 phantasmal warriors
  A bunyip skeleton (Abyss:2)
  21 deep elf pyromancers
  19 harpies
  An oklob plant (Lair:5)
  A mana viper (shapeshifter) (Vaults:5)
  19 salamanders
  3 wolf spiders
  9 mana vipers
  A will-o-the-wisp (Abyss:3)
  45 ugly things
  10 cyclopes
  22 fauns
  16 moths of wrath
  2 orc sorcerers
  20 manticores
  3 shining eyes
  A worldbinder (Abyss:1)
  A stone giant zombie (Crypt:3)
  61 slime creatures
  An apocalypse crab (Abyss:3)
  11 naga magi
  35 black mambas
  15 merfolk sirens
  An ice statue (IceCv)
  A torpor snail (shapeshifter) (Vaults:5)
  3 eyes of devastation
  2 rust devils (Depths:4)
  An eleionoma skeleton (Crypt:2)
  A titan simulacrum (Crypt:1)
  26 vault sentinels
  9 guardian serpents
  A gargoyle (D:12)
  3 water nymphs
  4 orange demons
  3 hellions
  11 smoke demons
  11 cane toads
  7 freezing wraiths
  8 elephants
  29 yaktaurs
  2 centaur skeletons
  6 rime drakes
  A naga skeleton (Hell)
  3 unseen horrors
  10 komodo dragons
  2 demonic crawlers
  An unseen horror skeleton (Crypt:1)
  4 hellwings
  2 kobold demonologists
  A rime drake (shapeshifter) (Gauntlet)
  A minotaur zombie (Gauntlet)
  5 tengu conjurers
  A red devil (Depths:4)
  3 tormentors
  2 efreet
  6 ancient zymes (Abyss:3)
  3 ice devils (Hell)
  6 trolls
  14 polar bears
  4 wind drakes
  27 merfolk
  A sea snake skeleton (Crypt:2)
  6 meliai
  A troll (shapeshifter) (Vaults:5)
  A hydra zombie (Abyss:3)
  A queen bee (shapeshifter) (Gauntlet)
  53 saltlings (Desolation)
  4 harpy skeletons
  13 snapping turtles
  7 hornets
  17 raiju
  Prince Ribbit (D:5)
  23 blink frogs
  A death drake skeleton (Crypt:2)
  2 hydra skeletons (Crypt:2)
  A blink frog (shapeshifter) (Vaults:1)
  3 ettin zombies
  A fire dragon zombie (Crypt:3)
  A guardian serpent skeleton (Crypt:1)
  7 dream sheep
  A jumping spider (shapeshifter) (Depths:2)
  50 flying skulls
  2 shadows (D:13)
  37 starcursed masses
  17 large abominations
  A culicivora (Vaults:2)
  A spriggan (shapeshifter) (Depths:4)
  4 ynoxinuls
  3 air elementals (Elf:2)
  A centaur simulacrum (D:12)
  A wyvern (shapeshifter) (Vaults:4)
  2 wyverns
  A black mamba skeleton (Abyss:1)
  17 water elementals
  4 vampires
  2 naga simulacra
  4 wraiths
  A yak (shapeshifter) (D:13)
  58 yaks
  19 fire elementals
  8 fire bats
  An alligator snapping turtle simulacrum (Hell)
  12 golden eyes
  4 hogs (Lair:5)
  10 humans (D:14)
  6 basilisks
  A slime creature zombie (Crypt:2)
  3 steam dragons
  6 vampire mosquitoes
  6 neqoxecs
  3 redbacks
  5 chaos spawn
  2 spatial vortices (Abyss:3)
  42 nagas
  Edmund (D:5)
  2 acid dragons
  22 hell hounds
  4 wargs (Lair:5)
  A hydra simulacrum (Hell)
  9 water moccasins
  A glowing orange brain zombie (Crypt:2)
  A merfolk skeleton (Crypt:1)
  Duvessa (D:7)
  3 swamp drakes (Lair:5)
  A floating eye (shapeshifter) (Depths:2)
  4 ice beasts
  A two-headed ogre skeleton (Crypt:3)
  A lindwurm zombie (Crypt:1)
  45 orc warriors
  15 black bears
  An ettin simulacrum (Hell)
  2 black mamba simulacra
  13 centaurs
  A black bear (shapeshifter) (Abyss:3)
  31 ogres
  23 wolves
  5 phantoms
  A centaur (shapeshifter) (D:15)
  Blork the orc (D:5)
  8 bullfrogs
  5 necrophages
  2 kobold brigands
  A salamander skeleton (Crypt:1)
  6 scorpions
  A water moccasin zombie (Crypt:2)
  2 gnoll sergeants
  An elf skeleton (Crypt:1)
  5 wights (D:9)
  Dowan (D:7)
  7 killer bees
  4 howler monkeys
  6 electric eels
  13 small abominations
  A bullfrog zombie (Crypt:2)
  2 lava snakes (Snake:3)
  6 hounds
  13 jellies
  A quasit (Abyss:3)
  Crazy Yiuf (D:2)
  22 orc priests
  2 gnoll boudas
  8 iguanas
  4 iron imps
  Ijyb (D:5)
  21 orc wizards
  2 naga zombies
  A sky beast zombie (Crypt:2)
  16 gnolls
  12 adders
  A shadow imp (Abyss:2)
  6 white imps
  3 ufetubi
  An iguana zombie (Crypt:2)
  A worm (shapeshifter) (Gauntlet)
  4 dart slugs
  76 orcs
  7 ball pythons
  6 endoplasms
  3 giant cockroaches
  20 goblins
  9 hobgoblins
  4 quokkas
  8 bats
  A frilled lizard (D:2)
  A giant cockroach zombie (Crypt:1)
  20 kobolds
  5 rats
  7 fire vortices (Hell)
  A lurking horror (Abyss:3)
  12 starspawn tentacles
  A tentacle (Shoals:4)
2852 creatures vanquished.

Vanquished Creatures (collateral kills)
  Donald (Snake:1)
  A naga warrior (Snake:1)
  A sixfirhy (Zot:5)
  3 black mambas (Snake:1)
6 creatures vanquished.

Vanquished Creatures (others)
  2 ancient liches (Zot:5)
  4 orbs of fire (Zot:5)
  A pandemonium lord (D:7)
  A curse toe (Zot:5)
  2 Killer Klowns
  A golden dragon (Zot:3)
  An electric golem (Zot:5)
  3 tentacled monstrosities
  2 Orb Guardians (Zot:5)
  A death cob (Zot:5)
  A reaper (D:1)
  A green draconian (Zot:2)
  A yellow draconian (Zot:4)
  A two-headed ogre (D:8)
  A sun demon (Depths:3)
  A sea snake (Shoals:4)
  An ironbound convoker (Vaults:3)
  A deep elf pyromancer (Elf:2)
  2 deep elf zephyrmancers
  A cyclops (D:8)
  A rust devil (D:1)
  2 orange demons (D:7)
  A naga mage (Snake:4)
  A guardian serpent (Desolation)
  A smoke demon (D:1)
  A freezing wraith (Vaults:5)
  A red devil (D:7)
  A merfolk (Shoals:4)
  A saltling (Desolation)
  A small abomination (D:1)
  5 yaks (D:8)
  A human (D:14)
  An ice dragon simulacrum (Crypt:1)
  A bullfrog (D:8)
  A necrophage (D:8)
  2 gnolls (D:12)
  A shadow imp (D:7)
  A white imp (D:8)
  An orc (D:8)
  A creeping inferno (Hell)
  10 foxfires
  48 fungi
  215 plants
  34 starspawn tentacles
  4 tentacles (Shoals:4)
366 creatures vanquished.

Grand Total: 3224 creatures vanquished

Notes
Turn   | Place    | Note
-------+----------+-------------------------------------------
     0 | Abyss:1  | CodaKJazz the Formicid Abyssal Knight began the quest for
                  | the Orb.
     0 | Abyss:1  | Reached XP level 1. HP: 18/18 MP: 2/2
     1 | D:1      | Escaped the Abyss
    91 | D:1      | Found a faded altar of an unknown god.
   218 | D:1      | Reached XP level 2. HP: 24/24 MP: 3/3
   720 | D:2      | Reached XP level 3. HP: 27/29 MP: 4/4
   888 | D:2      | You fall into a shaft and drop 1 floor!
   921 | D:3      | Reached XP level 4. HP: 35/35 MP: 5/5
   997 | D:3      | Reached *** piety under Lugonu
  1099 | D:3      | Identified the +1 glaive of the Volcano {spect, rC+ Str+4
                  | Int+2}
  1116 | D:3      | Reached XP level 5. HP: 14/41 MP: 6/6
  1409 | D:3      | Reached skill level 1 in Dodging
  2190 | D:2      | Reached **** piety under Lugonu
  2283 | D:2      | Found a runed translucent door.
  2284 | D:2      | Noticed Crazy Yiuf
  2535 | D:2      | Identified the +5 scale mail of Somewhere Else {rElec
                  | Dex+4}
  2852 | D:4      | Reached XP level 6. HP: 37/50 MP: 7/7
  2934 | D:4      | Reached skill level 5 in Fighting
  2991 | D:4      | Found a basalt altar of Yredelemnul.
  3011 | D:4      | Identified the ring of Caesmecs {Fire Dex+2 SInv Stlth-}
  3205 | D:4      | Reached XP level 7. HP: 58/58 MP: 8/8
  3394 | D:4      | Found a hide-covered altar of Uskayaw.
  3697 | D:4      | Found a snail-covered altar of Cheibriados.
  3821 | D:5      | Entered Level 5 of the Dungeon
  3829 | D:5      | Noticed Edmund
  3835 | D:5      | Killed Edmund
  3836 | D:5      | Reached skill level 1 in Throwing
  3836 | D:5      | Reached skill level 1 in Evocations
  3836 | D:5      | Reached XP level 8. HP: 67/67 MP: 8/10
  3898 | D:5      | Found a staircase to the Ecumenical Temple.
  3923 | D:5      | Noticed Prince Ribbit
  3931 | D:5      | Killed Prince Ribbit
  4038 | Temple   | Entered the Ecumenical Temple
  4163 | D:5      | Reached skill level 5 in Invocations
  4163 | D:5      | Reached XP level 9. HP: 56/75 MP: 12/12
  4198 | D:5      | Noticed Ijyb
  4204 | D:5      | Killed Ijyb
  4603 | D:5      | Noticed Blork the orc
  4607 | D:5      | Killed Blork the orc
  4686 | D:6      | Reached skill level 5 in Evocations
  4694 | D:6      | Noticed a cyclops
  4697 | D:6      | Killed a cyclops
  4918 | D:6      | Reached XP level 10. HP: 79/83 MP: 15/15
  5339 | D:7      | Noticed Duvessa
  5339 | D:7      | Noticed Dowan
  5343 | D:7      | Killed Duvessa
  5344 | D:7      | Killed Dowan
  5543 | D:7      | Learned a level 4 spell: Passage of Golubria
  5762 | D:7      | Noticed a manticore
  5767 | D:7      | Killed a manticore
  5768 | D:7      | Reached skill level 10 in Fighting
  6135 | D:8      | Found Zin's Purification Station.
  6138 | D:8      | Found a glowing silver altar of Zin.
  6144 | D:8      | Bought a potion of curing for 90 gold pieces
  6262 | D:8      | Noticed a cyclops
  6264 | D:8      | Found a transporter.
  6284 | D:8      | Corrupted D:8
  6284 | D:8      | Noticed a large abomination
  6284 | D:8      | Noticed a shadow wraith
  6284 | D:8      | Noticed a large abomination
  6284 | D:8      | Noticed a green draconian
  6284 | D:8      | Noticed a starcursed mass
  6284 | D:8      | Noticed a tentacled starspawn
  6284 | D:8      | Noticed a large abomination
  6284 | D:8      | Noticed a guardian serpent
  6284 | D:8      | Noticed a bone dragon
  6285 | D:8      | Noticed a starcursed mass
  6285 | D:8      | Noticed a starcursed mass
  6285 | D:8      | Noticed a smoke demon
  6286 | D:8      | Noticed a large abomination
  6286 | D:8      | Noticed a large abomination
  6291 | D:8      | Noticed a will-o-the-wisp
  6291 | D:8      | Noticed a great orb of eyes
  6292 | D:8      | Killed a cyclops
  6300 | D:8      | Killed a deep elf zephyrmancer
  6306 | D:8      | Noticed a thrashing horror
  6311 | D:8      | Noticed a guardian serpent
  6328 | D:8      | Noticed a smoke demon
  6337 | D:8      | Noticed a quicksilver dragon
  6343 | D:8      | HP: 3/86 [large abomination[Lugonu's corruption] (31)]
  6348 | D:8      | Noticed a rust devil
  6363 | D:8      | Killed a two-headed ogre
  6389 | D:8      | Found a flagged portal.
  6578 | Bailey   | Entered a bailey
  6789 | Bailey   | Found an iron altar of Okawaru.
  6789 | Bailey   | Noticed a kobold demonologist
  6790 | Bailey   | Noticed an orc sorcerer
  6804 | Bailey   | Gained mutation: Your spells are a little easier to cast,
                  | but a little less powerful. [a neqoxec]
  6806 | Bailey   | Banished an orc sorcerer
  6808 | Bailey   | Noticed an orange demon
  6814 | Bailey   | Killed a kobold demonologist
  6983 | Bailey   | Reached XP level 11. HP: 82/92 MP: 17/17
  7106 | Bailey   | Acquired a manual of Armour
  7195 | Bailey   | Noticed an orc knight
  7199 | Bailey   | Killed an orc knight
  7200 | Bailey   | Reached skill level 5 in Armour
  7407 | Bailey   | Identified the +4 buckler of Paranoia {rC+ Str+4}
  7415 | Bailey   | Identified the +4 battleaxe "Engaam" {flame, rElec}
  7941 | D:8      | Found a transporter.
  8042 | D:8      | Found a staircase to the Lair.
  8346 | Lair:1   | Entered Level 1 of the Lair of Beasts
  8369 | D:8      | Reached skill level 5 in Axes
  8369 | D:8      | Reached skill level 1 in Shields
  8997 | D:9      | Noticed a two-headed ogre
  9005 | D:9      | Killed a two-headed ogre
  9024 | D:9      | Noticed Harold
  9036 | D:9      | Killed Harold
  9249 | D:9      | Found a radiant altar of Vehumet.
  9432 | D:9      | Found a staircase to the Orcish Mines.
  9466 | D:9      | Reached ***** piety under Lugonu
  9808 | Lair:1   | Got the Spellbook of Helpful Flames
 10014 | Lair:1   | Reached XP level 12. HP: 54/100 MP: 18/18
 10588 | Lair:2   | Noticed Fannar
 10598 | Lair:2   | Killed Fannar
 10695 | Lair:2   | Reached skill level 10 in Axes
 10786 | Lair:2   | Identified the +0 chain mail "Vyujath" {rF+ Int+3}
 10959 | Lair:2   | Noticed a catoblepas
 10967 | Lair:2   | Killed a catoblepas
 11142 | Lair:2   | Noticed Amaemon
 11497 | Lair:3   | Noticed a six-headed hydra
 11503 | Lair:3   | Killed a three-headed hydra
 11710 | Lair:3   | Found a staircase to the Shoals.
 11741 | Lair:3   | Noticed a catoblepas
 11753 | Lair:3   | Killed a catoblepas
 12712 | Lair:3   | Found a staircase to the Snake Pit.
 12769 | Lair:3   | Reached XP level 13. HP: 69/106 MP: 19/19
 13646 | Lair:3   | Found a bloodstained altar of Trog.
 13726 | Lair:4   | Identified the +5 leather armour of Epruch {Will+ Int+5}
 13768 | Lair:4   | Reached skill level 1 in Translocations
 14136 | Lair:4   | Reached skill level 5 in Translocations
 14328 | Lair:4   | Found a staircase to the Slime Pits.
 14328 | Lair:4   | Found a viscous altar of Jiyva.
 15304 | Lair:5   | Entered Level 5 of the Lair of Beasts
 15515 | Lair:5   | Noticed a four-headed hydra
 15525 | Lair:5   | Killed a one-headed hydra
 15525 | Lair:5   | Reached ****** piety under Lugonu
 15808 | Lair:5   | Reached XP level 14. HP: 90/113 MP: 20/20
 15835 | Lair:5   | Reached skill level 10 in Armour
 18109 | Lair:5   | Noticed Kirke
 18127 | Lair:5   | Killed Kirke
 18128 | Lair:5   | Reached skill level 15 in Armour
 18911 | Lair:5   | Escaped the Abyss
 19216 | Lair:5   | Identified the +7 dagger of Disarray {vorpal, +Blink rPois
                  | rN+ Dex-2}
 19730 | D:10     | Entered Level 10 of the Dungeon
 19873 | D:10     | Noticed Snorg
 19882 | D:10     | Killed Snorg
 20159 | D:10     | Reached XP level 15. HP: 111/116 MP: 21/21
 20734 | D:10     | Found Geosud's Assorted Antiques.
 20743 | D:10     | Bought a pair of glowing gloves for 225 gold pieces
 20743 | D:10     | Bought a pink potion for 27 gold pieces
 20743 | D:10     | Bought a fizzy orange potion for 27 gold pieces
 20743 | D:10     | Bought a scroll labelled OHUELE FADWURU for 30 gold pieces
 20743 | D:10     | Bought a scroll of identify for 60 gold pieces
 20920 | D:11     | Found a frozen archway.
 21042 | IceCv    | Entered an ice cave
 21054 | IceCv    | Reached skill level 5 in Throwing
 21812 | IceCv    | Noticed a frost giant
 21829 | IceCv    | Reached skill level 5 in Dodging
 21835 | IceCv    | Killed a frost giant
 22489 | D:11     | Identified the +1 ring mail of the Guild-Master {rF+ rC+}
 22796 | Orc:1    | Entered Level 1 of the Orcish Mines
 22983 | Orc:2    | Entered Level 2 of the Orcish Mines
 23025 | Orc:2    | Reached skill level 15 in Axes
 23574 | Orc:2    | Found a staircase to the Elven Halls.
 24092 | Orc:2    | Reached XP level 16. HP: 127/127 MP: 22/22
 24362 | Orc:2    | Found Zaqugat's Armour Shop.
 24362 | Orc:2    | Found Etuprao's Antique Armour Shoppe.
 24363 | Orc:2    | Found Iliafye's Antique Armour Emporium.
 24363 | Orc:2    | Found Owuageol's Assorted Antiques.
 24372 | Orc:2    | Bought a smoking chain mail for 228 gold pieces
 24372 | Orc:2    | Identified the +1 chain mail of the Lair of Beasts {rElec
                  | rF- Str+3 Dex-2} (You bought it in a shop on level 2 of the
                  | Orcish Mines)
 24372 | Orc:2    | Bought the +3 salamander hide armour {Flames rF++ rC--} for
                  | 828 gold pieces
 24372 | Orc:2    | Found the +3 salamander hide armour {Flames rF++ rC--}
 24373 | Orc:2    | Bought a scroll labelled OHUELE FADWURU for 30 gold pieces
 26405 | D:12     | Found the +3 hat of Pondering {ponderous, Will+ MP+10
                  | Int+5}
 26989 | D:13     | Found a gate leading to a gauntlet.
 26993 | Gauntlet | Entered a Gauntlet
 26993 | Gauntlet | Found a transporter.
 27010 | Gauntlet | Noticed an emperor scorpion
 27011 | Gauntlet | Noticed an azure jelly
 27011 | Gauntlet | an emperor scorpion changed into an azure jelly
 27012 | Gauntlet | an azure jelly changed into a death yak
 27016 | Gauntlet | Noticed an emperor scorpion
 27016 | Gauntlet | a death yak changed into an emperor scorpion
 27019 | Gauntlet | Noticed a storm dragon
 27019 | Gauntlet | an emperor scorpion changed into a storm dragon
 27032 | Gauntlet | a storm dragon changed into a minotaur
 27038 | Gauntlet | Noticed an azure jelly
 27038 | Gauntlet | a minotaur changed into an azure jelly
 27044 | Gauntlet | Noticed a shadow dragon
 27044 | Gauntlet | an azure jelly changed into a shadow dragon
 27054 | Gauntlet | Noticed an iron giant
 27054 | Gauntlet | a shadow dragon changed into an iron giant
 27056 | Gauntlet | Noticed a caustic shrike
 27056 | Gauntlet | an iron giant changed into a caustic shrike
 27060 | Gauntlet | Noticed a golden dragon
 27060 | Gauntlet | a caustic shrike changed into a golden dragon
 27067 | Gauntlet | Noticed an acid blob
 27067 | Gauntlet | a golden dragon changed into an acid blob
 27069 | Gauntlet | Noticed an iron giant
 27069 | Gauntlet | an acid blob changed into an iron giant
 27071 | Gauntlet | Noticed a golden dragon
 27071 | Gauntlet | an iron giant changed into a golden dragon
 27072 | Gauntlet | Noticed a shadow dragon
 27072 | Gauntlet | a golden dragon changed into a shadow dragon
 27074 | Gauntlet | a shadow dragon changed into an eleionoma
 27078 | Gauntlet | Noticed an azure jelly
 27078 | Gauntlet | an eleionoma changed into an azure jelly
 27085 | Gauntlet | Found a transporter.
 27086 | Gauntlet | Noticed a quicksilver dragon
 27086 | Gauntlet | an azure jelly changed into a quicksilver dragon
 27087 | Gauntlet | Found a transporter.
 27090 | Gauntlet | Found a transporter.
 27091 | Gauntlet | Found a transporter.
 27092 | Gauntlet | Found a transporter.
 27098 | Gauntlet | Noticed a frost giant
 27098 | Gauntlet | a quicksilver dragon changed into a frost giant
 27099 | Gauntlet | a frost giant changed into a stone giant
 27101 | Gauntlet | Found a transporter.
 27103 | Gauntlet | Found a transporter.
 27119 | Gauntlet | Found a transporter.
 27136 | Gauntlet | Found a transporter.
 27140 | Gauntlet | Found a transporter.
 27140 | Gauntlet | Found the +2 Maxwell's thermic engine {flame, freeze}
 27144 | Gauntlet | Found a runed translucent door.
 27144 | Gauntlet | Found a runed translucent door.
 27148 | Gauntlet | Found a transporter.
 27195 | Gauntlet | Noticed a titan
 27198 | Gauntlet | Noticed a rockslime
 27198 | Gauntlet | a titan changed into a rockslime
 27202 | Gauntlet | Noticed a juggernaut
 27202 | Gauntlet | a rockslime changed into a juggernaut
 27203 | Gauntlet | Noticed an iron dragon
 27203 | Gauntlet | a juggernaut changed into an iron dragon
 27205 | Gauntlet | Noticed an acid blob
 27205 | Gauntlet | an iron dragon changed into an acid blob
 27206 | Gauntlet | Noticed a sphinx
 27206 | Gauntlet | an acid blob changed into a sphinx
 27213 | Gauntlet | a sphinx changed into an eleionoma
 27639 | Gauntlet | Identified the +5 sling "Xuak" {venom, Str+3}
 27655 | Gauntlet | Acquired the ring "Pubat" {rPois rF+ rC+ rCorr}
 28015 | D:13     | Noticed Rupert
 28023 | D:13     | Killed Rupert
 28063 | D:13     | Acquired the +19 crystal plate armour of the Blue Moon
                  | {Dex+5}
 29277 | Abyss:1  | Reached XP level 17. HP: 53/136 MP: 12/23
 29278 | Abyss:1  | Reached XP level 18. HP: 58/147 MP: 12/24
 29347 | D:14     | Escaped the Abyss
 29683 | D:14     | Found a gate to the Vaults.
 29870 | D:15     | Entered Level 15 of the Dungeon
 30047 | D:15     | Reached XP level 19. HP: 153/153 MP: 25/25
 30311 | D:15     | Found a runed translucent door.
 30312 | D:15     | Noticed MuffinSoup's ghost (journeyman OpHW)
 30630 | D:15     | Found a staircase to the Depths.
 30767 | D:15     | Killed MuffinSoup's ghost
 30984 | Snake:1  | Entered Level 1 of the Snake Pit
 31035 | Snake:1  | Noticed Asterion
 31062 | Snake:1  | Killed Asterion
 31182 | Snake:1  | Noticed Aizul
 31203 | Snake:1  | Killed Aizul
 31376 | Snake:1  | Noticed Donald
 31393 | Snake:1  | Killed Donald
 32044 | Snake:1  | Acquired 1005 gold pieces
 32391 | Snake:2  | Noticed Mlioglotl
 32404 | Snake:2  | Killed Mlioglotl
 32482 | Snake:2  | Found a shimmering altar of Xom.
 33462 | Snake:3  | Reached XP level 20. HP: 160/160 MP: 26/26
 33675 | Snake:3  | Noticed Bai Suzhen
 33955 | Snake:3  | Killed Bai Suzhen
 34524 | Snake:4  | Entered Level 4 of the Snake Pit
 34681 | Snake:4  | Noticed Nikola
 34696 | Snake:4  | Killed Nikola
 35277 | Snake:4  | Noticed Vashnia
 35289 | Snake:4  | Killed Vashnia
 35338 | Snake:4  | Got a serpentine rune of Zot
 36003 | Lair:2   | Killed Amaemon
 36291 | Shoals:1 | Entered Level 1 of the Shoals
 36513 | Vaults:1 | Entered Level 1 of the Vaults
 36872 | Vaults:1 | Reached skill level 5 in Shields
 36880 | Vaults:1 | Reached XP level 21. HP: 158/166 MP: 27/27
 37501 | Vaults:1 | Reached skill level 15 in Fighting
 37613 | Vaults:1 | Reached skill level 10 in Invocations
 37780 | Vaults:1 | Reached skill level 10 in Shields
 38068 | Vaults:2 | Found a flickering gateway to a bazaar.
 38076 | Bazaar   | Entered a bazaar
 38076 | Bazaar   | Found Caagrec's Jewellery Shoppe.
 38076 | Bazaar   | Found Heneofal's Antique Armour Shoppe.
 38094 | Bazaar   | Found Soragguq's General Store.
 38110 | Bazaar   | Found Vymintoqag's Magic Scroll Boutique.
 38118 | Bazaar   | Bought a scroll of enchant armour for 120 gold pieces
 38118 | Bazaar   | Bought a scroll of enchant armour for 120 gold pieces
 38118 | Bazaar   | Bought a scroll of acquirement for 832 gold pieces
 38118 | Bazaar   | Bought a scroll of brand weapon for 152 gold pieces
 38118 | Bazaar   | Bought a scroll of brand weapon for 152 gold pieces
 38118 | Bazaar   | Acquired the +3 pair of gauntlets of War {Slay+5}
 38118 | Bazaar   | Found the +3 pair of gauntlets of War {Slay+5}
 38141 | Bazaar   | Found Lebb's Antique Weapon Emporium.
 38236 | Vaults:2 | Found a crumbling gateway.
 38243 | Desolati | Entered the Desolation of Salt
 38806 | Desolati | Got the Spellbook of Intoxication and Production
 38807 | Desolati | Identified the +7 flail of Gozag's Felicitations {holy,
                  | +Blink rElec rPois Str-5}
 38809 | Desolati | Identified the +4 mace "Imami" {vorpal, rF+ rC++}
 38811 | Desolati | Identified the +9 dagger of Doom {holy, Int+5}
 38812 | Desolati | Identified the +7 whip "Vishoshru" {elec, Stlth+}
 39216 | Desolati | Identified the -1 pair of boots of Egaurch Ixto {rPois}
 39288 | Desolati | Got the Tome of Combative Adjuration
 39325 | Desolati | Reached XP level 22. HP: 171/177 MP: 30/30
 39401 | Desolati | Identified the ring of Impatience {MP+9 Str+2}
 39407 | Desolati | Identified the ring "Ivetiepo" {Fly rF++ MP+9 Str-4}
 39412 | Desolati | Identified the +7 rapier of Greed {venom, Fragile rF++
                  | Int+3}
 41361 | Vaults:3 | Reached skill level 15 in Shields
 41767 | Vaults:3 | Identified the +1 robe "Wofiriw" {Str+2}
 41991 | Vaults:3 | Found a staircase to the Crypt.
 42479 | Vaults:4 | Got The Advanced Guide to Witchcraft
 42497 | Vaults:4 | Reached XP level 23. HP: 187/187 MP: 33/33
 42639 | Vaults:4 | Found Xergh's Antique Armour Shop.
 42740 | Vaults:4 | Acquired 498 gold pieces
 44209 | Shoals:2 | Found Xosmoq's Antique Weapon Emporium.
 44262 | Shoals:2 | Acquired the amulet of Guapn {rPois Regen+ Str+4 Dex-4}
 45037 | Shoals:4 | Entered Level 4 of the Shoals
 45288 | Shoals:4 | Got a barnacled rune of Zot
 45305 | Shoals:4 | Identified the +5 shortbow "Giantbane" {venom, Int-5 Dex+3}
 45478 | Shoals:4 | Reached skill level 15 in Invocations
 45571 | Shoals:4 | Found Ymmi's Vocational Training.
 45627 | Shoals:4 | Bought a manual of Invocations for 1280 gold pieces
 45695 | Shoals:4 | Reached XP level 24. HP: 198/198 MP: 34/34
 46339 | Depths:1 | Entered Level 1 of the Depths
 46525 | Depths:1 | Found a one-way gate to the infinite horrors of the Abyss.
 46691 | Depths:1 | Found a gateway to Hell.
 47495 | Depths:2 | Noticed Mara
 47511 | Depths:2 | Noticed CodaKJazz's illusion
 47514 | Depths:2 | Killed Mara
 47642 | Depths:2 | Found a one-way gate leading to the halls of Pandemonium.
 47743 | Depths:2 | Found a hide-covered altar of Uskayaw.
 47908 | Depths:2 | Found a glowing silver altar of Zin.
 48014 | Depths:2 | Found a radiant altar of Vehumet.
 48227 | Depths:2 | Reached XP level 25. HP: 210/210 MP: 37/37
 48240 | Depths:2 | Found a shadowy altar of Dithmenos.
 48593 | Depths:2 | Found Hobog's Distillery.
 48593 | Depths:2 | Found Zedwix's Weapon Shoppe.
 48594 | Depths:2 | Found Getyed's Magic Scroll Emporium.
 48595 | Depths:2 | Found Sizxogyu's Jewellery Boutique.
 48600 | Depths:2 | Bought a potion of curing for 51 gold pieces
 48600 | Depths:2 | Bought a potion of heal wounds for 85 gold pieces
 48600 | Depths:2 | Bought a potion of curing for 51 gold pieces
 48600 | Depths:2 | Bought a potion of might for 68 gold pieces
 48600 | Depths:2 | Bought a potion of might for 68 gold pieces
 48604 | Depths:2 | Bought a scroll of fog for 60 gold pieces
 48604 | Depths:2 | Bought a scroll of fear for 60 gold pieces
 48604 | Depths:2 | Bought a scroll of enchant weapon for 112 gold pieces
 48732 | Depths:3 | Found a transporter.
 48738 | Depths:3 | Found a transporter.
 48751 | Depths:3 | Found a runed translucent gate.
 49135 | Abyss:1  | Noticed an ancient lich
 49138 | Depths:3 | Escaped the Abyss
 49312 | Depths:3 | Found Momin's General Store.
 49316 | Depths:3 | Bought a potion of heal wounds for 55 gold pieces
 49316 | Depths:3 | Bought a potion of mutation for 88 gold pieces
 49450 | Depths:3 | Found a runed translucent gate.
 49450 | Depths:3 | Found a runed translucent gate.
 49772 | Depths:4 | Entered Level 4 of the Depths
 49920 | Depths:4 | Found a one-way gateway to a ziggurat.
 50050 | Depths:4 | Identified the +9 sling "Orb Guardian's Regret" {venom,
                  | +Blink Str+4}
 50065 | Depths:4 | Found a corrupted altar of Lugonu.
 50243 | Depths:4 | Found a gate to the Realm of Zot.
 50425 | Depths:4 | Gained mutation: Your magical capacity is low. (-10% MP) [a
                  | neqoxec]
 50767 | Zig:1    | Entered Level 1 of a ziggurat
 50788 | Zig:2    | Entered Level 2 of a ziggurat
 50789 | Zig:2    | Noticed a shard shrike
 50802 | Zig:2    | Killed a shard shrike
 50924 | Zig:2    | Escaped the Abyss
 50938 | Zig:2    | HP: 7/214 [wendigo/seracfall[an orange crystal statue]
                  | (14)]
 51677 | Elf:1    | Entered Level 1 of the Elven Halls
 51858 | Elf:2    | Found a runed translucent gate.
 51859 | Elf:2    | Found a runed translucent gate.
 51859 | Elf:2    | Found a runed translucent gate.
 51877 | Elf:3    | Entered Level 3 of the Elven Halls
 52063 | Elf:3    | Found Yreghec's Book Boutique.
 52076 | Elf:3    | Found a portal to a secret trove of treasure.
 52084 | Trove    | Entered a treasure trove
 52102 | Trove    | Identified the ring of Liodekhu {rF+ rC+ rN+}
 52109 | Trove    | Identified the ring "Tifev" {rC+ rN+ Str-5 Int+4 Dex+2}
 52155 | Trove    | Reached XP level 26. HP: 221/221 MP: 34/34
 52352 | Elf:3    | Gained mutation: You do not regenerate when monsters are
                  | visible. [a neqoxec]
 52355 | Elf:3    | Lost mutation: Your magical capacity is low. (-10% MP)
                  | [potion of mutation]
 52355 | Elf:3    | Lost mutation: You do not regenerate when monsters are
                  | visible. [potion of mutation]
 52355 | Elf:3    | Gained mutation: You have hidden genetic potential. [potion
                  | of mutation]
 52430 | Elf:3    | Identified the +7 war axe "Isicor" {vorpal, Dex+5}
 52430 | Elf:3    | Identified the +1 robe "Wanenimo" {-Tele rF- rCorr Dex+8}
 52430 | Elf:3    | Identified the ring "Iheaz" {rPois rF+ Stlth+}
 52430 | Elf:3    | Reached * piety under Lugonu
 52440 | Elf:3    | Reached XP level 27. HP: 164/228 MP: 39/39
 52441 | Elf:3    | Identified the +4 short sword "Bots" {drain, Contam Str+6
                  | SInv Stlth+}
 52441 | Elf:3    | Identified the ring of Jitoix {rF+ AC+4}
 52442 | Elf:3    | Identified the +1 leather armour of Macsedar {Rampage Will+
                  | rCorr}
 52442 | Elf:3    | Identified the ring "Mueno" {rF+ rC+ Str+3 Int-4}
 52513 | Elf:3    | Identified the +0 robe of the Moon {Harm rN+}
 52547 | Elf:3    | Got the Dissertation on Toxicity and Forms
 52585 | Elf:3    | Got the Incunabulum of Jinxing and Shadows
 52607 | Elf:3    | Identified the +6 spear of the Tent {vorpal, Fly Int+2
                  | Dex+6}
 53640 | Shoals:4 | Bought a manual of Evocations for 1280 gold pieces
 53974 | Elf:1    | Reached ** piety under Lugonu
 54186 | Elf:1    | Found Realiz's Distillery.
 54194 | Elf:1    | Bought a potion of curing for 39 gold pieces
 54194 | Elf:1    | Bought a potion of curing for 39 gold pieces
 54194 | Elf:1    | Bought 2 potions of curing for 78 gold pieces
 54874 | Elf:2    | Found Inuxeuve's Book Boutique.
 55934 | Crypt:1  | Entered Level 1 of the Crypt
 56377 | D:2      | Killed Crazy Yiuf
 56810 | Vaults:5 | Entered Level 5 of the Vaults
 56815 | Vaults:5 | Reached skill level 27 in Invocations
 56859 | Vaults:5 | Gained mutation: You have great hidden genetic potential.
                  | [hidden potential]
 57055 | Vaults:5 | Reached skill level 10 in Evocations
 57164 | Vaults:5 | Identified the +6 scale mail of Ornamental Birdsong {Harm
                  | rElec Str+4}
 57168 | Vaults:5 | Noticed a dread lich
 57175 | Vaults:5 | Killed a dread lich
 57532 | Vaults:5 | Got a silver rune of Zot
 57595 | Vaults:5 | Identified the +11 trident of Jacigeol {spect, rN+ Str+4}
 57632 | Vaults:5 | Found Seqox's Book Boutique.
 57792 | Vaults:5 | Identified the ring of the Failed Coup {Contam +Blink rF++
                  | AC+4 Int+4}
 57949 | Vaults:5 | Identified the +6 sling of Trog's Approval {flame, rC++
                  | Str+5 Int-5}
 57977 | Vaults:5 | Identified the +4 hand axe of Moral Flaws {freeze, Str+4}
 58367 | Elf:2    | Bought a book of Changes for 270 gold pieces
 58373 | Elf:2    | Learned a level 5 spell: Manifold Assault
 58376 | Elf:2    | Learned a level 2 spell: Wereblood
 58873 | Crypt:1  | Noticed Frederick
 58881 | Crypt:1  | Killed Frederick
 59448 | Crypt:1  | Noticed Saint Roka
 59452 | Crypt:1  | Identified the ring of Teosm {Ice rPois rN+ Int-3}
 59452 | Crypt:1  | Noticed Josephina
 59462 | Crypt:1  | Killed Saint Roka
 59788 | Abyss:2  | Found a corrupted altar of Lugonu.
 59996 | Abyss:3  | Gained mutation: Armour fits poorly on your strangely
                  | shaped body. [a cacodemon]
 60215 | Abyss:3  | Gained mutation: Your skin changes colour to match your
                  | surroundings (Stealth+). [hidden potential]
 60215 | Abyss:3  | Lost mutation: You have great hidden genetic potential.
                  | [hidden potential expressed]
 60238 | Abyss:3  | Lost mutation: You have hidden genetic potential. [a
                  | neqoxec]
 60239 | Abyss:3  | Gained mutation: You are very dopey. (Int -4) [a neqoxec]
 61091 | Crypt:1  | Escaped the Abyss
 61097 | Crypt:1  | Killed Josephina
 61126 | Crypt:1  | Reached skill level 27 in Shields
 62339 | Crypt:2  | Reached skill level 10 in Throwing
 62407 | Crypt:2  | Identified the +10 short sword of Aremoun {vorpal, Stlth+}
 62438 | Crypt:2  | Reached skill level 10 in Dodging
 63001 | Crypt:3  | Entered Level 3 of the Crypt
 63303 | Crypt:3  | Reached skill level 1 in Transmutations
 63315 | Crypt:3  | Identified a +2 hammer of distortion (a +0 hammer corrupted
                  | by Lugonu)
 63315 | Crypt:3  | Received a gift from Lugonu
 63428 | Crypt:3  | Noticed a dread lich
 63434 | Crypt:3  | Reached skill level 5 in Transmutations
 63441 | Crypt:3  | Killed a dread lich
 63761 | Crypt:3  | Found an ancient bone altar of Kikubaaqudgha.
 63813 | Crypt:3  | Identified the +5 chain mail "Gyntol" {Dex+5}
 63859 | Crypt:3  | Noticed Xtahua
 63865 | Crypt:3  | Killed Xtahua
 64082 | Crypt:3  | Found a staircase to the Tomb.
 64093 | Crypt:3  | Identified the ring "Dawush" {rN+ Str+2}
 64093 | Crypt:3  | Identified the ring "Ytson" {rElec rF- rN+ rCorr MP-9}
 64652 | Slime:1  | Entered Level 1 of the Pits of Slime
 64658 | Slime:1  | You are sucked into a shaft and drop 1 floor!
 64730 | Slime:3  | Reached skill level 10 in Transmutations
 64862 | Slime:4  | Gained mutation: You have hidden genetic defects. [a
                  | shining eye]
 64866 | Slime:4  | Lost mutation: Your skin changes colour to match your
                  | surroundings (Stealth+). [potion of mutation]
 64866 | Slime:4  | Lost mutation: Armour fits poorly on your strangely shaped
                  | body. [potion of mutation]
 64866 | Slime:4  | Gained mutation: You possess an exceptional clarity of
                  | mind. [potion of mutation]
 64866 | Slime:4  | Gained mutation: Your flesh is cold resistant. (rC+)
                  | [potion of mutation]
 64867 | Slime:4  | Lost mutation: You possess an exceptional clarity of mind.
                  | [potion of mutation]
 64867 | Slime:4  | Lost mutation: Your flesh is cold resistant. (rC+) [potion
                  | of mutation]
 64867 | Slime:4  | Gained mutation: You passively map a small area around you.
                  | [potion of mutation]
 64867 | Slime:4  | Gained mutation: Your muscles are strong. (Str +4, Int/Dex
                  | -1) [potion of mutation]
 64868 | Slime:4  | Lost mutation: Your muscles are strong. (Str +4, Int/Dex
                  | -1) [potion of mutation]
 64868 | Slime:4  | Lost mutation: Your spells are a little easier to cast, but
                  | a little less powerful. [potion of mutation]
 64868 | Slime:4  | Gained mutation: Your flesh is cold resistant. (rC+)
                  | [potion of mutation]
 64869 | Slime:4  | Lost mutation: You are dopey. (Int -2) [potion of mutation]
 64869 | Slime:4  | Lost mutation: You passively map a small area around you.
                  | [potion of mutation]
 64869 | Slime:4  | Lost mutation: Your flesh is cold resistant. (rC+) [potion
                  | of mutation]
 64869 | Slime:4  | Gained mutation: You are strong-willed. (Will+) [potion of
                  | mutation]
 64869 | Slime:4  | Gained mutation: Your muscles are strong. (Str +4, Int/Dex
                  | -1) [potion of mutation]
 64870 | Slime:4  | Lost mutation: Your muscles are strong. (Str +4, Int/Dex
                  | -1) [potion of mutation]
 64870 | Slime:4  | Lost mutation: You are strong-willed. (Will+) [potion of
                  | mutation]
 64870 | Slime:4  | Lost mutation: You have hidden genetic defects. [potion of
                  | mutation]
 64870 | Slime:4  | Gained mutation: You are resistant to electric shocks.
                  | (rElec) [potion of mutation]
 64870 | Slime:4  | Gained mutation: You possess an exceptional clarity of
                  | mind. [potion of mutation]
 64870 | Slime:4  | Gained mutation: You are somewhat resistant to further
                  | mutation. [potion of mutation]
 64884 | Slime:5  | Entered Level 5 of the Pits of Slime
 64984 | Slime:5  | Noticed the Royal Jelly
 65011 | Slime:5  | Killed the Royal Jelly
 65077 | Slime:5  | Identified the amulet "Qerad" {rF+ Regen+}
 65117 | Slime:5  | Got a slimy rune of Zot
 65145 | Slime:5  | Identified the +3 long sword of the Hated {venom, Will+
                  | rCorr Int-3}
 65182 | Slime:5  | Identified the +11 short sword of Bysk {flame, rC+ Will+}
 65791 | Hell     | Entered the Vestibule of Hell
 65791 | Hell     | Noticed Geryon
 65810 | Hell     | Killed Geryon
 66145 | Hell     | Found a gateway to the decaying netherworld of Tartarus.
 66394 | Hell     | Found a gateway to the freezing wastes of Cocytus.
 66431 | Hell     | Found a gateway to the Iron City of Dis.
 66522 | Hell     | Found a gateway to the ashen valley of Gehenna.
 66693 | Zot:1    | Entered Level 1 of the Realm of Zot
 67688 | Zot:4    | Reached skill level 15 in Throwing
 67689 | Zot:4    | Noticed an orb of fire
 67702 | Zot:4    | Killed an orb of fire
 67911 | Zot:4    | Found the +4 dragonskin cloak
 67911 | Zot:4    | Noticed Tiamat
 67958 | Zot:4    | Killed Tiamat
 68487 | Zot:4    | Noticed Grunn
 68551 | Zot:4    | Escaped the Abyss
 68560 | Zot:4    | Killed Grunn
 69048 | Depths:3 | Found a runed translucent gate.
 69048 | Depths:3 | Found a runed translucent gate.
 69048 | Depths:3 | Noticed Imio's ghost (adept DgCj)
 69061 | Depths:3 | Found a runed translucent gate.
 69521 | Zot:5    | Entered Level 5 of the Realm of Zot
 70188 | Zot:5    | Corrupted Zot:5
 70198 | Zot:5    | Killed an ancient lich
 70214 | Zot:5    | Killed a Killer Klown
 70221 | Zot:5    | Killed an orb of fire
 70225 | Zot:5    | Killed an orb of fire
 70230 | Zot:5    | Noticed an orb of fire
 70231 | Zot:5    | Noticed an ancient lich
 70231 | Zot:5    | Killed an ancient lich
 70233 | Zot:5    | Killed an orb of fire
 70246 | Zot:5    | Killed an orb of fire
 70282 | Zot:4    | Corrupted Zot:4
 70284 | Zot:4    | Escaped the Abyss
 70544 | Zot:3    | Corrupted Zot:3
 70713 | Zot:5    | Noticed an ancient lich
 70721 | Zot:5    | Killed an ancient lich
 70802 | Zot:5    | Noticed a dread lich
 70807 | Zot:5    | Killed a dread lich
 70810 | Zot:5    | Noticed an orb of fire
 70823 | Zot:5    | Killed an orb of fire
 70826 | Zot:5    | Noticed an orb of fire
 70833 | Zot:5    | Noticed an orb of fire
 70834 | Zot:5    | Killed an orb of fire
 70841 | Zot:5    | Gained mutation: Your magical capacity is low. (-10% MP)
                  | [an orb of fire]
 70844 | Zot:5    | Killed an orb of fire
 70847 | Zot:5    | Noticed a Killer Klown
 70855 | Zot:5    | Killed a Killer Klown
 71048 | Zot:5    | Noticed a dread lich
 71058 | Zot:5    | Killed a dread lich
 71678 | Zot:3    | Killed a Killer Klown
 71694 | Zot:3    | Identified the +1 kite shield "Hero's Friend" {-Cast Dex+4
                  | Slay+3}
 72903 | Zot:2    | Corrupted Zot:2
 72903 | Zot:2    | Noticed a dread lich
 73463 | Zot:1    | Reached skill level 15 in Dodging
 75456 | Zot:5    | Got the Orb of Zot
 75485 | Zot:5    | Noticed Xeoqo the pandemonium lord
 75922 | D:7      | Noticed Fekhahip the pandemonium lord
 75930 | D:7      | Killed Fekhahip the pandemonium lord
 75931 | D:7      | Corrupted D:7
 75934 | D:7      | Noticed Opethi the pandemonium lord
 75941 | D:7      | Killed Opethi the pandemonium lord
 76074 | D:1      | Noticed Heariser the pandemonium lord
 76091 | D:1      | Killed Heariser the pandemonium lord
 76190 | D:1      | Corrupted D:1
 76210 | D:$      | Escaped with the Orb!

Illustrated notes

Levels and vault maps discovered:
D:1:      reono_arrival_mine, layout_loops_cross, ebering_ecumenical_altar_webs
D:2:      layout_basic, nicolae_titane, uniq_crazy_yiuf_cottage
D:3:      layout_basic
D:4:      cheibrodos_old_hovel, layout_loops_cross, grunt_temple_overflow_open,
          mainiacjoe_overflow_cross_hatched, patterned_corridor
D:5:      layout_gridville, minmay_temple_entry_sparse_star, minmay_circle_x,
          uniq_edmund, uniq_prince_ribbit1, uniq_ijyb, uniq_blork_the_orc
D:6:      layout_basic, minmay_manual_macuahuitl
D:7:      layout_layer_cave, uniq_duvessa
D:8:      gammafunk_steamed_eel, layout_gridville, zin_purify,
          grunt_lair_entry_orc_guard_hut, enter_bailey_3, nrook_mini_backslash,
          guppyfry_early_elven_hall
D:9:      layout_rooms, vehumet_crystals, minmay_orc_entry_temple_small,
          uniq_harold
D:10:     layout_stronghold, serial_shops, nicolae_lakefront_shop, uniq_snorg
D:11:     layout_rooms, portal_ice_cave_entry_pillars_1
D:12:     layout_basic, minmay_pinched_square
D:13:     layout_layer_cave, gauntlet_entry_generic, uniq_rupert
D:14:     layout_rooms, ximxim_vaults_locker_room, hex_intersection,
          kennysheep_path_1
D:15:     grunt_enter_depths_snipers, layout_cave_pools, nicolae_sextant,
          ebering_ghost_inner_flame, kb_rosetta
Temple:   minmay_crystal_spiral_temple
Lair:1:   layout_gridlike, grunt_megastairs_4
Lair:2:   layout_hall_layers, uniq_amaemon, uniq_fannar
Lair:3:   layout_small_grid, shoals_dummy_entry, guppyfry_snake_entry_island,
          basic_altar
Lair:4:   layout_gridlike, nicolae_slime_entry_slimehenge, grunt_megastairs_2
Lair:5:   hangedman_lair_caniforms_friends, layout_layer_cave,
          guppyfry_lair_end_dragon, uniq_kirke
Shoals:1: layout_shoals
Shoals:2: layout_shoals, serial_shops, shop_statue
Shoals:3: layout_shoals
Shoals:4: shoals_end_grunt_garden, layout_shoals, nicolae_shop_vocational
Snake:1:  layout_basic, uniq_aizul, uniq_asterion, uniq_donald
Snake:2:  layout_cave_town, basic_altar, uniq_mlioglotl
Snake:3:  layout_basic, nicolae_snake_guarding_the_ruins, uniq_bai_suzhen
Snake:4:  grunt_snake_rune_serpentine_throne, layout_cave_town, uniq_nikola
Slime:1:  layout_caves
Slime:2:  layout_caves
Slime:3:  layout_caves
Slime:4:  layout_caves, nicolae_slime_welcoming_committee
Slime:5
Orc:1:    layout_caves, basic_altar
Orc:2:    st_orc_ogre_mass, layout_caves
Elf:1:    elf_arrival_001, layout_geoelf_grid, serial_shops, shop, special_room
          [special_room_orc], hangedman_elven_crosses_minicolossus
Elf:2:    nicolae_elf_blades_crystal_corner, layout_geoelf_octagon,
          serial_shops, nicolae_shop_statue_plus
Elf:3:    minmay_elf_hall_curves, layout_onion_city,
          nicolae_trove_entry_isolated, minmay_shop_star
Vaults:1: vaults_dpeg_encased_lava, vaults_room_grid, ontoclasm_vaults_spin,
          dpeg_vaults_monster_row, vaults_mumra_minichess,
          hangedman_vaults_snaps, vaults_mumra_minichess_inversion,
          ontoclasm_vaults_ring_square, grunt_vaults_hallway_short, v_misc_9,
          vaults_mumra_chevron, vaults_mumra_lcd, vaults_room_hallway,
          nicolae_vaults_little_squares_5, grunt_vaults_hallway_short,
          vaults_room_door_ring, layout_vaults_ring
Vaults:2: portal_desolation_entry_ruin, v_alt_pattern_4,
          nicolae_vaults_windows_and_doors_thing, nicolae_vaults_network_s,
          vaults_room_corners, v_rooms_6, nicolae_vaults_little_squares_3,
          layout_vaults_omnigrid, serial_shops, bzr_entry_islet
Vaults:3: ontoclasm_vaults_misaligned, vaults_room_hallway,
          vaults_standard_mumra_x, v_misc_17, vaults_mumra_bighexcomb,
          v_pattern_4, grunt_vaults_focal, nicolae_vaults_theta,
          hangedman_vaults_cutoff, vaults_room_semicircle,
          ontoclasm_vaults_misaligned, nicolae_vaults_alarming,
          ontoclasm_vaults_ring_square, nicolae_vaults_little_squares_4,
          serial_ice_g, layout_vaults_maze_bifur, minmay_crypt_entry_vampire_xt
Vaults:4: v_alt_pattern_1, v_misc_22, nicolae_vaults_ring_of_whatevers,
          vaults_room_semicircle, layout_vaults_big_room, serial_shops,
          nicolae_diamond_shop
Vaults:5
Crypt:1:  layout_gridlike, uniq_frederick, uniq_saint_roka, uniq_josephina
Crypt:2:  nicolae_crypt_knochenhaus, layout_regular_city
Crypt:3:  cryptofortress_bobbens, uniq_xtahua
Depths:1: layout_cave_shapes, abyss_entry_crystal, pf_hell_entry_great_geh,
          hangedman_abyss_or_decor_lesser_grid, lemuel_flame_loot_1
Depths:2: hangedman_box_tower, layout_cave_pools, pan_entry,
          grunt_hell_entry_dis_grunt, serial_bayou_shore_b, uniq_mara
Depths:3: gammafunk_sealed_arena, layout_basic,
          ploomutoo_gammafunk_ghost_potion_laboratory,
          grunt_hell_entry_demonic_statue, chequers_jeans, abyss_entry,
          serial_shops, shop
Depths:4: evilmike_zot_entry_diamond, layout_cave_shapes, enter_ziggurat_e,
          grunt_pan_entry_in_and_out, abyss_entry_flame_altar,
          hangedman_decor_peaks_small, hell_entry
Hell
Zot:1:    layout_cathedral_of_symmetry
Zot:2:    layout_cellular_growth
Zot:3:    layout_concentric_octagons
Zot:4:    lemuel_firehouse, layout_concentric_octagons, uniq_grunn, uniq_tiamat
Zot:5:    layout_twisted_circle, skrybe_zot_glass_3

Skill      XL: |  1  2  3  4  5  6  7  8  9 10 11 12 13 14 15 16 17 18 19 20 21 22 23 24 25 26 27 |
---------------+----------------------------------------------------------------------------------+-----
Axes           | 3 4 9 13 14 15 17 18 21 24 | 24.0
Dodging        | 1 2 3 6 7 16 | 16.7
Fighting       | 4 6 7 8 9 10 11 12 13 14 15 17 18 20 21 23 | 23.8
Throwing       | 1 2 3 4 6 16 | 16.0
Invocations    | 3 5 7 8 11 13 15 20 23 24 27 | 27.0
Evocations     | 1 4 5 7 12 | 12.8
Armour         | 3 5 9 15 17 | 17.3
Shields        | 4 5 12 16 19 20 27 | 27.0
Translocations | 7 9 |  9.3
Transmutations | 12 | 12.5

Action                   |  1- 3 |  4- 6 |  7- 9 | 10-12 | 13-15 | 16-18 | 19-21 | 22-24 | 25-27 || total
-------------------------+-------+-------+-------+-------+-------+-------+-------+-------+-------++-------
Melee: Hand axe          |     8 |       |       |       |       |       |       |       |       ||     8
       Dagger            |     2 |    19 |       |       |       |       |       |       |       ||    21
       Glaive            |       |    64 |    87 |   107 |       |       |       |       |       ||   258
       Battleaxe         |       |       |       |   263 |   860 |   150 |    32 |    16 |       ||  1321
       Executioner's axe |       |       |       |       |       |   115 |  1218 |  1224 |  2903 ||  5460
 Fire: Sling             |    44 |    19 |       |       |       |       |       |       |       ||    63
Throw: Dart              |       |       |     2 |       |     4 |       |       |       |       ||     6
       Boomerang         |       |       |       |       |     2 |     4 |       |    11 |     1 ||    18
       Javelin           |       |       |       |       |       |       |       |       |     9 ||     9
 Cast: Passage of Golubr |       |       |       |       |     2 |     1 |       |       |       ||     3
       Wereblood         |       |       |       |       |       |       |       |       |    13 ||    13
Invok: Banish            |       |       |       |     4 |       |       |       |       |     8 ||    12
       Bend Space        |       |       |       |     5 |     3 |     1 |     6 |       |     6 ||    21
       Corrupt           |       |       |       |     1 |       |       |       |       |     6 ||     7
       Enter the Abyss   |       |       |       |       |     1 |     1 |       |       |     5 ||     7
       Depart the Abyss  |       |       |       |       |     1 |     1 |       |       |     3 ||     5
       Brand Weapon With |       |       |       |       |       |       |       |       |     1 ||     1
 Abil: Dig               |       |       |       |     2 |     2 |       |       |       |     1 ||     5
Evoke: Wand              |       |     2 |     1 |    18 |    12 |     3 |     3 |     4 |     4 ||    47
       Lightning rod     |       |       |       |       |     4 |       |     5 |       |       ||     9
       Condenser vane    |       |       |       |       |       |     1 |     4 |     1 |     6 ||    12
       Tin of tremorston |       |       |       |       |       |       |       |       |    12 ||    12
       Box of beasts     |       |       |       |       |       |       |       |       |     2 ||     2
       Phantom mirror    |       |       |       |       |       |       |       |       |     2 ||     2
       Horn of Geryon    |       |       |       |       |       |       |       |       |     1 ||     1
  Use: Scroll            |     1 |     4 |     2 |     6 |     5 |    14 |    20 |     4 |    30 ||    86
       Potion            |       |     1 |       |     9 |     8 |    11 |     2 |       |    61 ||    92
 Stab: Paralysed         |       |     2 |       |       |       |       |       |       |       ||     2
       Distracted        |       |       |     1 |       |       |       |     1 |       |    18 ||    20
       Petrified         |       |       |       |       |     1 |       |       |       |       ||     1
       Confused          |       |       |       |       |       |       |     2 |       |       ||     2
       Invisible         |       |       |       |       |       |       |       |       |    18 ||    18
Armor: Ring mail         |    19 |    21 |       |       |    21 |       |       |       |       ||    61
       Scale mail        |       |    18 |    12 |   114 |   278 |       |       |       |       ||   422
       Leather armour    |       |       |       |       |       |    55 |       |       |       ||    55
       Crystal plate arm |       |       |       |       |       |   107 |   868 |   543 |   955 ||  2473
       Skin              |       |       |       |       |       |     1 |       |       |       ||     1
Dodge: Dodged            |    17 |    45 |    19 |   145 |   423 |   110 |   312 |   241 |   405 ||  1717
Block: Other             |       |     4 |     9 |    26 |       |       |       |       |       ||    39
       Reflection        |       |       |     1 |     3 |    28 |    15 |    81 |   135 |   118 ||   381
       Buckler           |       |       |       |   199 |   607 |   193 |   549 |       |       ||  1548
       Tower shield      |       |       |       |       |       |       |   585 |  1488 |  3168 ||  5241
